Match 38059136
Unlisted

Match 38059136
End
Vickers Machine Gun Team
Construct Section Command Post
Infantry Section
Dingo Light Scout Car
Infantry Section
Construct Platoon Command Post
Humber Armored Car
Infantry Section
Grenade Package
Selects Heavy Armor Battlegroup
Selects Rigorous Vehicle Training
Selects Crusader AA Medium Tank
Crusader AA Medium Tank
Construct Company Command Post
Infantry Section
Selects Churchill Black Prince Heavy Tank
Crusader II Medium Tank
6-pounder Anti-tank Gun Team
Infantry Section
6-pounder Anti-tank Gun Team
Selects Light Vehicle Withdraw and Refit
Churchill Black Prince Heavy Tank
Azusa
简八王牌阿祖莎
sharpshooter
Legion
0
0

Comments sign in to comment!

No comments posted yet!